Pick #1

Connor Bedard
Pick #2

Leo Carlsson
Pick #3

Adam Fantilli
Pick #4

Matvei Michkov
Pick #5

David Reinbacher
Pick #6

William Smith
Pick #7

Zachary Benson
Pick #8

Ryan Leonard
Pick #9

Gabriel Perreault
Pick #10

Axel Sandin-Pellika
Pick #11

Daniil But
Pick #12

Dalibor Dvorsky
Pick #13

Quentin Musty
Pick #14

Brayden Yager
Pick #15

Dmitry Simashev
Pick #16

Colby Barlow
Pick #17

Andrew Cristall
Pick #18

Easton Cowan
Pick #19

Jacob Fowler
Pick #20

Oliver Moore
Pick #21

Oliver Bonk
Pick #22

Tom Willander
Pick #23

Calum Ritchie
Pick #24

Tanner Molendyk
Pick #25

Gavin Brindley
Pick #26

Nate Danielson
Pick #27

Pick #28

Pick #29

Pick #30

Pick #31

Pick #32

Pick #33

Pick #34

Pick #35

Pick #36

Pick #37

Pick #38

Pick #39

Pick #40

Pick #41

Pick #42

Pick #43

Pick #44

Pick #45

Pick #46

Pick #47

Pick #48

Pick #49

Pick #50

Pick #51

Pick #52

Pick #53

Pick #54

Pick #55

Pick #56

Pick #57

Pick #58

Pick #59

Pick #60

Pick #61

Pick #62

Pick #63

Pick #64

Pick #65

Pick #66

Pick #67

Pick #68

Pick #69

Pick #70

Pick #71

Pick #72

Pick #73

Pick #74

Pick #75

Pick #76

Pick #77

Pick #78

Pick #79

Pick #80

Pick #81

Pick #82

Pick #83

Pick #84

Pick #85

Pick #86

Pick #87

Pick #88

Pick #89

Pick #90

Pick #91

Pick #92

Pick #93

Pick #94

Pick #95

Pick #96

Pick #97

Pick #98

Pick #99

Pick #100

Pick #101

Pick #102

Pick #103

Pick #104

Pick #105

Pick #106

Pick #107

Pick #108

Pick #109

Pick #110

Pick #111

Pick #112

Pick #113

Pick #114

Pick #115

Pick #116

Pick #117

Pick #118

Pick #119

Pick #120

Pick #121

Pick #122

Pick #123

Pick #124

Pick #125

Pick #126

Pick #127

Pick #128

Pick #129

Pick #130

Full Scoreboard »»

Devils vs Canadiens

Created - December 5, 2023 at 19:45

Goals
1 2 3 OT1 T
Devils 1 0 1 1 3
Canadiens 0 0 2 0 2
Shots
1 2 3 OT1 T
Devils 9 3 15 1 28
Canadiens 5 7 7 1 20

GoalsPenalties
1st period
1. Devils , Mathieu Joseph 6 (Erik Gustafsson 11, Damon Severson 12) at 18:59
Chris Kreider (NJD) for Roughing (Minor) at 2:30
Pierre-Olivier Joseph (MTL) for Interference (Minor) at 4:40
2nd period
No Goal
Pierre-Olivier Joseph (MTL) for High sticking (Minor) at 5:04
Adam Pelech (MTL) for Holding (Minor) at 7:58
Justin Schultz (NJD) for Hooking (Minor) at 19:24
3rd period
2. Canadiens , Valeri Nichushkin 8 (Alex Goligoski 7, Leon Draisaitl 8) at 4:21
3. Devils , Chris Kreider 10 (Sam Reinhart 19) at 7:36 (PP)
4. Canadiens , Artturi Lehkonen 7 (Anthony Mantha 8, Jaccob Slavin 11) at 12:00
Kaapo Kahkonen (MTL) for Delaying the game (Minor) at 5:54 - Daniel Sprong served the penalty.
Overtime #1
5. Devils , Evgeni Malkin 10 (Mikhail Sergachev 11, Travis Konecny 9) at 1:43
No Penalty
Goalie Stats
Filip Gustavsson (NJD), 18 saves from 20 shots - (0.900), W, 6-4-0, 61:44 minutes
Kaapo Kahkonen (MTL), 25 saves from 28 shots - (0.893), OTL, 9-2-6, 61:44 minutes
3 StarsOfficial
1 - Artturi Lehkonen (MTL)
2 - Mikhail Sergachev (NJD)
3 - Damon Severson (NJD)
Referees : Wes McCauley and Sean MacFarlane
Linesman : Stephen Drain and Neil Campbell
Game Note
No Game Note
Finance
Level 1 -- Attendance: 6140 (94.46%) -- Ticket Income $736,800
Level 2 -- Attendance: 5000 (100.00%) -- Ticket Income $425,000
Level 3 -- Attendance: 3123 (89.23%) -- Ticket Income $202,995
Level 4 -- Attendance: 2840 (53.72%) -- Ticket Income $56,800
Luxury Box -- Attendance: 976 (97.60%) -- Ticket Income $214,720
Game was played at the Bell Centre.
Total Attendance: 18079 (84.93%)
Total Ticket Income: $1,636,315
Other Income: $409,079
Total Income: $2,045,394



Team Name Goals Shots Shots Attemp Shots Blocked PIM HIT PP PK FO%
Devils 3285354181 / 4 (25%)049%
Canadiens 2203798140 / 2 (0%)151%

Devils
Player Name POS G A P +/- PIM HIT SHT SB MP PP MP PP SHT PK MP PK SHT FO% FOT
Chris KreiderLW1010205018:183:0430:0000% 0
Damon SeversonD0111021321:562:3912:3800% 0
Dominik KubalikLW000001103:290:2000:0000% 0
Dougie HamiltonD0000003023:313:2112:4400% 0
Dylan CozensC0000002018:080:0002:32048% 21
Erik GustafssonD0111002020:432:3911:2500% 0
Evgeni MalkinC1010005020:224:1500:00050% 20
Justin SchultzD000-2211017:551:3900:4700% 0
Kyle OkposoRW000000006:230:2002:5400% 0
Mathieu JosephRW1010011017:000:2001:0400% 0
Matt BoldyLW000-1012119:504:1510:0000% 0
Mike HoffmanLW0000002015:360:0000:00050% 2
Mikhail SergachevD0111040120:293:2100:2200% 0
Nicklas BackstromC000000004:350:0001:26050% 4
Nino NiederreiterRW000-1030019:504:1500:0000% 0
Sam ReinhartC0110012018:193:0410:00055% 20
Travis KonecnyRW0111031017:393:0410:00025% 4
Urho VaakanainenD000-2010017:091:3900:0000% 0
Canadiens
Player Name POS G A P +/- PIM HIT SHT SB MP PP MP PP SHT PK MP PK SHT FO% FOT
Adam PelechD0001223121:082:0622:3400% 0
Alex GoligoskiD0110020022:372:0604:0200% 0
Alexander KerfootC000000109:190:0002:2900% 2
Anthony ManthaRW0111001012:260:0000:0000% 0
Artturi LehkonenLW1011031017:442:3302:4500% 0
Brendan GallagherRW000000006:500:0000:0000% 1
Brendan GaunceC000000006:500:0000:00080% 5
Daniel SprongRW000-1003014:300:0000:0000% 0
Filip ForsbergLW0001012017:221:2500:0000% 0
Jaccob SlavinD0111010024:001:5204:1900% 0
Lars EllerC0001011017:200:0004:54050% 24
Leon DraisaitlC0111001017:221:2510:00048% 21
Pierre-Olivier JosephD0000420016:050:0000:4200% 0
Ryan O'ReillyC000-2002117:432:3300:16056% 16
Ryan SuterD000-1000422:261:5203:4100% 0
Teuvo TeravainenLW000-1011017:032:3300:0000% 1
Trevor van RiemsdykD0000011315:250:0000:0000% 0
Valeri NichushkinRW1010003021:201:2504:540100% 1



Play-by-Play

1st period


0:01 of 1st period - Sam Reinhart wins face-off versus Leon Draisaitl in neutral zone.
0:06 of 1st period - Shot by Dougie Hamilton.
0:06 of 1st period - Stopped by Kaapo Kahkonen without a rebound.
0:07 of 1st period - Ryan O'Reilly wins face-off versus Evgeni Malkin in Canadiens zone.
1:31 of 1st period - Shot by Jaccob Slavin.
1:31 of 1st period - Shot Blocked by Damon Severson.
1:33 of 1st period - Shot by Anthony Mantha.
1:33 of 1st period - Shot Misses the Net.
1:35 of 1st period - Shot by Adam Pelech.
1:35 of 1st period - Stopped by Filip Gustavsson without a rebound.
1:36 of 1st period - Leon Draisaitl wins face-off versus Dylan Cozens in Devils zone.
2:30 of 1st period - Minor Penalty to Chris Kreider for Roughing.
2:31 of 1st period - Ryan O'Reilly wins face-off versus Dylan Cozens in Devils zone.
3:51 of 1st period - Shot by Adam Pelech.
3:51 of 1st period - Stopped by Filip Gustavsson without a rebound.
3:52 of 1st period - Ryan O'Reilly wins face-off versus Nicklas Backstrom in Devils zone.
3:57 of 1st period - Shot by Adam Pelech.
3:57 of 1st period - Stopped by Filip Gustavsson without a rebound.
3:58 of 1st period - Nicklas Backstrom wins face-off versus Ryan O'Reilly in Devils zone.
4:07 of 1st period - Justin Schultz is hit by Artturi Lehkonen and loses puck.
4:40 of 1st period - Minor Penalty to Pierre-Olivier Joseph for Interference.
4:41 of 1st period - Sam Reinhart wins face-off versus Lars Eller in Canadiens zone.
5:12 of 1st period - Shot by Dougie Hamilton.
5:12 of 1st period - Deflect By Sam Reinhart.
5:12 of 1st period - Stopped by Kaapo Kahkonen with a rebound.
5:45 of 1st period - Shot by Erik Gustafsson.
5:45 of 1st period - Stopped by Kaapo Kahkonen without a rebound.
5:46 of 1st period - Evgeni Malkin wins face-off versus Lars Eller in Canadiens zone.
6:03 of 1st period - Artturi Lehkonen is hit by Matt Boldy.
6:47 of 1st period - Shot by Dylan Cozens.
6:47 of 1st period - Shot Misses the Net.
6:59 of 1st period - Shot by Dylan Cozens.
6:59 of 1st period - Shot Blocked by Trevor van Riemsdyk.
9:06 of 1st period - Shot by Leon Draisaitl.
9:06 of 1st period - Shot Misses the Net.
9:12 of 1st period - Shot by Valeri Nichushkin.
9:12 of 1st period - Shot Misses the Net.
9:44 of 1st period - Icing by Adam Pelech.
9:45 of 1st period - Lars Eller wins face-off versus Evgeni Malkin in Canadiens zone.
9:50 of 1st period - Shot by Evgeni Malkin.
9:50 of 1st period - Stopped by Kaapo Kahkonen without a rebound.
9:51 of 1st period - Lars Eller wins face-off versus Evgeni Malkin in Canadiens zone.
10:10 of 1st period - Shot by Artturi Lehkonen.
10:10 of 1st period - Shot Blocked by Damon Severson.
10:51 of 1st period - Artturi Lehkonen is hit by Mathieu Joseph and loses puck.
11:05 of 1st period - Dylan Cozens is hit by Pierre-Olivier Joseph and loses puck.
11:14 of 1st period - Shot by Justin Schultz.
11:14 of 1st period - Shot Blocked by Trevor van Riemsdyk.
11:21 of 1st period - Icing by Trevor van Riemsdyk.
11:22 of 1st period - Lars Eller wins face-off versus Nicklas Backstrom in Canadiens zone.
11:22 of 1st period - Lars Eller is hit by Dominik Kubalik.
11:31 of 1st period - Pierre-Olivier Joseph is hit by Damon Severson and loses puck.
11:46 of 1st period - Shot by Dominik Kubalik.
11:46 of 1st period - Stopped by Kaapo Kahkonen with a rebound.
12:40 of 1st period - Shot by Evgeni Malkin.
12:40 of 1st period - Stopped by Kaapo Kahkonen without a rebound.
12:41 of 1st period - Ryan O'Reilly wins face-off versus Dylan Cozens in Canadiens zone.
13:12 of 1st period - Shot by Mathieu Joseph.
13:12 of 1st period - Shot Misses the Net.
13:27 of 1st period - Off-side.
13:28 of 1st period - Leon Draisaitl wins face-off versus Travis Konecny in neutral zone.
13:33 of 1st period - Shot by Leon Draisaitl.
13:33 of 1st period - Deflect By Filip Forsberg.
13:33 of 1st period - Stopped by Filip Gustavsson without a rebound.
13:34 of 1st period - Sam Reinhart wins face-off versus Leon Draisaitl in Devils zone.
14:40 of 1st period - Adam Pelech is hit by Travis Konecny.
15:09 of 1st period - Adam Pelech is hit by Mikhail Sergachev and loses puck.
15:40 of 1st period - Teuvo Teravainen is hit by Mikhail Sergachev.
15:50 of 1st period - Shot by Teuvo Teravainen.
15:50 of 1st period - Deflect By Ryan O'Reilly.
15:50 of 1st period - Stopped by Filip Gustavsson with a rebound.
16:24 of 1st period - Justin Schultz is hit by Lars Eller and loses puck.
16:52 of 1st period - Mathieu Joseph is hit by Alex Goligoski and loses puck.
18:22 of 1st period - Off-side.
18:23 of 1st period - Brendan Gaunce wins face-off versus Evgeni Malkin in neutral zone.
18:42 of 1st period - Brendan Gallagher is hit by Nino Niederreiter and loses puck.
18:51 of 1st period - Shot by Matt Boldy.
18:51 of 1st period - Shot Misses the Net.
18:53 of 1st period - Shot by Justin Schultz.
18:53 of 1st period - Stopped by Kaapo Kahkonen without a rebound.
18:54 of 1st period - Dylan Cozens wins face-off versus Ryan O'Reilly in Canadiens zone.
18:59 of 1st period - Shot by Mathieu Joseph.
18:59 of 1st period - Goal by Mathieu Joseph - Devils : 1 - Canadiens : 0.
19:00 of 1st period - Dylan Cozens wins face-off versus Ryan O'Reilly in neutral zone.
19:28 of 1st period - Shot by Dylan Cozens.
19:28 of 1st period - Stopped by Kaapo Kahkonen with a rebound.
19:40 of 1st period - Teuvo Teravainen is hit by Damon Severson and loses puck.
Goals for this period are 1 for Devils vs 0 for Canadiens.
Shots for this period are 9 for Devils vs 5 for Canadiens.

2nd period


0:01 of 2nd period - Evgeni Malkin wins face-off versus Leon Draisaitl in neutral zone.
0:23 of 2nd period - Icing by Adam Pelech.
0:24 of 2nd period - Leon Draisaitl wins face-off versus Travis Konecny in Canadiens zone.
0:34 of 2nd period - Shot by Valeri Nichushkin.
0:34 of 2nd period - Shot Misses the Net.
0:36 of 2nd period - Shot by Valeri Nichushkin.
0:36 of 2nd period - Stopped by Filip Gustavsson without a rebound.
0:37 of 2nd period - Ryan O'Reilly wins face-off versus Evgeni Malkin in Devils zone.
0:48 of 2nd period - Shot by Daniel Sprong.
0:48 of 2nd period - Shot Misses the Net.
1:04 of 2nd period - Shot by Matt Boldy.
1:04 of 2nd period - Shot Blocked by Ryan O'Reilly.
1:12 of 2nd period - Shot by Nino Niederreiter.
1:12 of 2nd period - Shot Blocked by Ryan Suter.
1:14 of 2nd period - Shot by Urho Vaakanainen.
1:14 of 2nd period - Shot Blocked by Ryan Suter.
1:29 of 2nd period - Off-side.
1:30 of 2nd period - Dylan Cozens wins face-off versus Leon Draisaitl in neutral zone.
1:33 of 2nd period - Shot by Mathieu Joseph.
1:33 of 2nd period - Shot Misses the Net.
1:43 of 2nd period - Shot by Filip Forsberg.
1:43 of 2nd period - Deflect By Valeri Nichushkin.
1:43 of 2nd period - Stopped by Filip Gustavsson without a rebound.
1:44 of 2nd period - Sam Reinhart wins face-off versus Lars Eller in Devils zone.
2:08 of 2nd period - Icing by Damon Severson.
2:09 of 2nd period - Sam Reinhart wins face-off versus Leon Draisaitl in Devils zone.
4:25 of 2nd period - Icing by Brendan Gallagher.
4:26 of 2nd period - Dylan Cozens wins face-off versus Brendan Gallagher in Canadiens zone.
4:51 of 2nd period - Shot by Dylan Cozens.
4:51 of 2nd period - Shot Blocked by Trevor van Riemsdyk.
4:57 of 2nd period - Shot by Dougie Hamilton.
4:57 of 2nd period - Shot Misses the Net.
5:04 of 2nd period - Minor Penalty to Pierre-Olivier Joseph for High sticking.
5:05 of 2nd period - Lars Eller wins face-off versus Evgeni Malkin in Canadiens zone.
5:38 of 2nd period - Shot by Dougie Hamilton.
5:38 of 2nd period - Stopped by Kaapo Kahkonen without a rebound.
5:39 of 2nd period - Evgeni Malkin wins face-off versus Lars Eller in Canadiens zone.
5:42 of 2nd period - Shot by Evgeni Malkin.
5:42 of 2nd period - Shot Misses the Net.
7:09 of 2nd period - Mike Hoffman is hit by Pierre-Olivier Joseph and loses puck.
7:16 of 2nd period - Shot by Dylan Cozens.
7:16 of 2nd period - Stopped by Kaapo Kahkonen with a rebound.
7:58 of 2nd period - Minor Penalty to Adam Pelech for Holding.
7:59 of 2nd period - Lars Eller wins face-off versus Travis Konecny in Canadiens zone.
7:59 of 2nd period - Lars Eller is hit by Travis Konecny.
8:23 of 2nd period - Lars Eller is hit by Travis Konecny and loses puck.
9:17 of 2nd period - Off-side.
9:18 of 2nd period - Lars Eller wins face-off versus Sam Reinhart in neutral zone.
10:23 of 2nd period - Teuvo Teravainen is hit by Urho Vaakanainen and loses puck.
11:22 of 2nd period - Erik Gustafsson is hit by Adam Pelech and loses puck.
11:49 of 2nd period - Kyle Okposo is hit by Jaccob Slavin.
12:21 of 2nd period - Anthony Mantha is hit by Nino Niederreiter and loses puck.
12:28 of 2nd period - Shot by Artturi Lehkonen.
12:28 of 2nd period - Deflect By Lars Eller.
12:28 of 2nd period - Stopped by Filip Gustavsson without a rebound.
12:29 of 2nd period - Ryan O'Reilly wins face-off versus Sam Reinhart in Devils zone.
13:02 of 2nd period - Shot by Daniel Sprong.
13:02 of 2nd period - Shot Misses the Net.
13:04 of 2nd period - Shot by Trevor van Riemsdyk.
13:04 of 2nd period - Stopped by Filip Gustavsson without a rebound.
13:05 of 2nd period - Evgeni Malkin wins face-off versus Lars Eller in Devils zone.
14:10 of 2nd period - Icing by Alex Goligoski.
14:11 of 2nd period - Lars Eller wins face-off versus Sam Reinhart in Canadiens zone.
14:15 of 2nd period - Icing by Anthony Mantha.
14:16 of 2nd period - Dylan Cozens wins face-off versus Lars Eller in Canadiens zone.
15:01 of 2nd period - Urho Vaakanainen is hit by Artturi Lehkonen.
15:10 of 2nd period - Off-side.
15:11 of 2nd period - Evgeni Malkin wins face-off versus Leon Draisaitl in neutral zone.
15:11 of 2nd period - Dougie Hamilton is hit by Filip Forsberg and loses puck.
16:40 of 2nd period - Shot by Ryan O'Reilly.
16:40 of 2nd period - Shot Blocked by Damon Severson.
16:42 of 2nd period - Shot by Ryan O'Reilly.
16:42 of 2nd period - Stopped by Filip Gustavsson without a rebound.
16:43 of 2nd period - Dylan Cozens wins face-off versus Brendan Gaunce in Devils zone.
17:11 of 2nd period - Off-side.
17:12 of 2nd period - Sam Reinhart wins face-off versus Leon Draisaitl in neutral zone.
17:27 of 2nd period - Shot by Chris Kreider.
17:27 of 2nd period - Stopped by Kaapo Kahkonen without a rebound.
17:28 of 2nd period - Nicklas Backstrom wins face-off versus Ryan O'Reilly in Canadiens zone.
17:46 of 2nd period - Teuvo Teravainen is hit by Justin Schultz and loses puck.
18:11 of 2nd period - Shot by Teuvo Teravainen.
18:11 of 2nd period - Stopped by Filip Gustavsson without a rebound.
18:12 of 2nd period - Leon Draisaitl wins face-off versus Evgeni Malkin in Devils zone.
18:12 of 2nd period - Filip Forsberg is hit by Mikhail Sergachev and loses puck.
19:19 of 2nd period - Shot by Anthony Mantha.
19:19 of 2nd period - Stopped by Filip Gustavsson without a rebound.
19:20 of 2nd period - Brendan Gaunce wins face-off versus Dylan Cozens in Devils zone.
19:24 of 2nd period - Minor Penalty to Justin Schultz for Hooking.
19:25 of 2nd period - Dylan Cozens wins face-off versus Ryan O'Reilly in Devils zone.
19:25 of 2nd period - Dylan Cozens is hit by Artturi Lehkonen.
Goals for this period are 0 for Devils vs 0 for Canadiens.
Shots for this period are 3 for Devils vs 7 for Canadiens.

3rd period


0:01 of 3rd period - Leon Draisaitl wins face-off versus Dylan Cozens in neutral zone.
0:29 of 3rd period - Icing by Filip Forsberg.
0:30 of 3rd period - Leon Draisaitl wins face-off versus Dylan Cozens in Canadiens zone.
0:53 of 3rd period - Shot by Leon Draisaitl.
0:53 of 3rd period - Stopped by Filip Gustavsson without a rebound.
0:54 of 3rd period - Dylan Cozens wins face-off versus Teuvo Teravainen in Devils zone.
2:50 of 3rd period - Shot by Leon Draisaitl.
2:50 of 3rd period - Deflect By Filip Forsberg.
2:50 of 3rd period - Shot Misses the Net.
2:59 of 3rd period - Icing by Mikhail Sergachev.
3:00 of 3rd period - Lars Eller wins face-off versus Sam Reinhart in Devils zone.
3:21 of 3rd period - Shot by Anthony Mantha.
3:21 of 3rd period - Shot Misses the Net.
4:01 of 3rd period - Mathieu Joseph is hit by Teuvo Teravainen and loses puck.
4:12 of 3rd period - Shot by Daniel Sprong.
4:12 of 3rd period - Shot Misses the Net.
4:14 of 3rd period - Shot by Daniel Sprong.
4:14 of 3rd period - Stopped by Filip Gustavsson without a rebound.
4:15 of 3rd period - Leon Draisaitl wins face-off versus Evgeni Malkin in Devils zone.
4:21 of 3rd period - Shot by Valeri Nichushkin.
4:21 of 3rd period - Goal by Valeri Nichushkin - Devils : 1 - Canadiens : 1.
4:22 of 3rd period - Evgeni Malkin wins face-off versus Leon Draisaitl in neutral zone.
4:25 of 3rd period - Ryan Suter is hit by Nino Niederreiter and loses puck.
4:36 of 3rd period - Shot by Evgeni Malkin.
4:36 of 3rd period - Stopped by Kaapo Kahkonen without a rebound.
4:37 of 3rd period - Sam Reinhart wins face-off versus Lars Eller in Canadiens zone.
4:37 of 3rd period - Sam Reinhart is hit by Adam Pelech.
4:52 of 3rd period - Icing by Dougie Hamilton.
4:53 of 3rd period - Ryan O'Reilly wins face-off versus Sam Reinhart in Devils zone.
5:04 of 3rd period - Shot by Sam Reinhart.
5:04 of 3rd period - Stopped by Kaapo Kahkonen without a rebound.
5:05 of 3rd period - Valeri Nichushkin wins face-off versus Dylan Cozens in Canadiens zone.
5:44 of 3rd period - Icing by Urho Vaakanainen.
5:45 of 3rd period - Ryan O'Reilly wins face-off versus Dylan Cozens in Devils zone.
5:54 of 3rd period - Shot by Mathieu Joseph.
5:54 of 3rd period - Deflect By Mike Hoffman.
5:54 of 3rd period - Stopped by Kaapo Kahkonen without a rebound.
5:54 of 3rd period - Minor Penalty to Kaapo Kahkonen for Delaying the game.
5:55 of 3rd period - Travis Konecny wins face-off versus Lars Eller in Canadiens zone.
6:08 of 3rd period - Shot by Travis Konecny.
6:08 of 3rd period - Stopped by Kaapo Kahkonen without a rebound.
6:09 of 3rd period - Evgeni Malkin wins face-off versus Lars Eller in Canadiens zone.
6:54 of 3rd period - Shot by Matt Boldy.
6:54 of 3rd period - Stopped by Kaapo Kahkonen without a rebound.
6:55 of 3rd period - Sam Reinhart wins face-off versus Lars Eller in Canadiens zone.
7:10 of 3rd period - Shot by Chris Kreider.
7:10 of 3rd period - Shot Blocked by Ryan Suter.
7:16 of 3rd period - Shot by Chris Kreider.
7:16 of 3rd period - Stopped by Kaapo Kahkonen without a rebound.
7:17 of 3rd period - Sam Reinhart wins face-off versus Alexander Kerfoot in Canadiens zone.
7:22 of 3rd period - Shot by Chris Kreider.
7:22 of 3rd period - Shot Misses the Net.
7:24 of 3rd period - Shot by Chris Kreider.
7:24 of 3rd period - Stopped by Kaapo Kahkonen without a rebound.
7:25 of 3rd period - Evgeni Malkin wins face-off versus Lars Eller in Canadiens zone.
7:28 of 3rd period - Shot by Damon Severson.
7:28 of 3rd period - Stopped by Kaapo Kahkonen without a rebound.
7:29 of 3rd period - Lars Eller wins face-off versus Sam Reinhart in Canadiens zone.
7:34 of 3rd period - Shot by Sam Reinhart.
7:34 of 3rd period - Shot Misses the Net.
7:36 of 3rd period - Shot by Chris Kreider.
7:36 of 3rd period - Goal by Chris Kreider - Devils : 2 - Canadiens : 1.
7:37 of 3rd period - Evgeni Malkin wins face-off versus Ryan O'Reilly in neutral zone.
7:54 of 3rd period - Shot by Ryan O'Reilly.
7:54 of 3rd period - Shot Blocked by Mikhail Sergachev.
8:04 of 3rd period - Shot by Teuvo Teravainen.
8:04 of 3rd period - Shot Blocked by Matt Boldy.
8:12 of 3rd period - Shot by Daniel Sprong.
8:12 of 3rd period - Shot Misses the Net.
9:53 of 3rd period - Valeri Nichushkin is hit by Sam Reinhart.
10:01 of 3rd period - Icing by Erik Gustafsson.
10:02 of 3rd period - Sam Reinhart wins face-off versus Ryan O'Reilly in Devils zone.
10:23 of 3rd period - Chris Kreider is hit by Alex Goligoski and loses puck.
11:04 of 3rd period - Shot by Evgeni Malkin.
11:04 of 3rd period - Stopped by Kaapo Kahkonen with a rebound.
12:00 of 3rd period - Shot by Anthony Mantha.
12:00 of 3rd period - Deflect By Artturi Lehkonen.
12:00 of 3rd period - Goal by Artturi Lehkonen - Devils : 2 - Canadiens : 2.
12:01 of 3rd period - Sam Reinhart wins face-off versus Leon Draisaitl in neutral zone.
12:35 of 3rd period - Icing by Trevor van Riemsdyk.
12:36 of 3rd period - Dylan Cozens wins face-off versus Leon Draisaitl in Canadiens zone.
12:42 of 3rd period - Icing by Pierre-Olivier Joseph.
12:43 of 3rd period - Mike Hoffman wins face-off versus Leon Draisaitl in Canadiens zone.
13:01 of 3rd period - Dylan Cozens is hit by Trevor van Riemsdyk and loses puck.
13:56 of 3rd period - Icing by Urho Vaakanainen.
13:57 of 3rd period - Lars Eller wins face-off versus Evgeni Malkin in Devils zone.
14:10 of 3rd period - Shot by Lars Eller.
14:10 of 3rd period - Shot Misses the Net.
14:12 of 3rd period - Shot by Anthony Mantha.
14:12 of 3rd period - Shot Misses the Net.
14:20 of 3rd period - Shot by Justin Schultz.
14:20 of 3rd period - Shot Misses the Net.
15:00 of 3rd period - Shot by Sam Reinhart.
15:00 of 3rd period - Deflect By Chris Kreider.
15:00 of 3rd period - Shot Blocked by Ryan Suter.
15:22 of 3rd period - Shot by Daniel Sprong.
15:22 of 3rd period - Stopped by Filip Gustavsson without a rebound.
15:23 of 3rd period - Brendan Gaunce wins face-off versus Dylan Cozens in Devils zone.
15:32 of 3rd period - Shot by Alexander Kerfoot.
15:32 of 3rd period - Stopped by Filip Gustavsson without a rebound.
15:33 of 3rd period - Brendan Gaunce wins face-off versus Dylan Cozens in Devils zone.
16:52 of 3rd period - Shot by Matt Boldy.
16:52 of 3rd period - Stopped by Kaapo Kahkonen with a rebound.
17:07 of 3rd period - Icing by Evgeni Malkin.
17:08 of 3rd period - Lars Eller wins face-off versus Evgeni Malkin in Devils zone.
17:17 of 3rd period - Shot by Evgeni Malkin.
17:17 of 3rd period - Shot Misses the Net.
17:19 of 3rd period - Shot by Erik Gustafsson.
17:19 of 3rd period - Stopped by Kaapo Kahkonen without a rebound.
17:20 of 3rd period - Leon Draisaitl wins face-off versus Sam Reinhart in Canadiens zone.
17:55 of 3rd period - Shot by Chris Kreider.
17:55 of 3rd period - Stopped by Kaapo Kahkonen without a rebound.
17:56 of 3rd period - Lars Eller wins face-off versus Mike Hoffman in Canadiens zone.
18:15 of 3rd period - Ryan Suter is hit by Mikhail Sergachev.
18:27 of 3rd period - Shot by Mike Hoffman.
18:27 of 3rd period - Stopped by Kaapo Kahkonen with a rebound.
18:29 of 3rd period - Shot by Dougie Hamilton.
18:29 of 3rd period - Stopped by Kaapo Kahkonen without a rebound.
18:30 of 3rd period - Evgeni Malkin wins face-off versus Alexander Kerfoot in Canadiens zone.
18:31 of 3rd period - Shot by Matt Boldy.
18:31 of 3rd period - Shot Misses the Net.
18:35 of 3rd period - Shot by Nino Niederreiter.
18:35 of 3rd period - Shot Misses the Net.
18:37 of 3rd period - Shot by Nino Niederreiter.
18:37 of 3rd period - Shot Misses the Net.
19:01 of 3rd period - Shot by Matt Boldy.
19:01 of 3rd period - Shot Blocked by Adam Pelech.
19:03 of 3rd period - Shot by Damon Severson.
19:03 of 3rd period - Shot Misses the Net.
19:05 of 3rd period - Shot by Erik Gustafsson.
19:05 of 3rd period - Shot Misses the Net.
19:07 of 3rd period - Shot by Damon Severson.
19:07 of 3rd period - Shot Misses the Net.
19:26 of 3rd period - Off-side.
19:27 of 3rd period - Ryan O'Reilly wins face-off versus Dylan Cozens in neutral zone.
19:32 of 3rd period - Shot by Daniel Sprong.
19:32 of 3rd period - Stopped by Filip Gustavsson without a rebound.
19:33 of 3rd period - Dylan Cozens wins face-off versus Lars Eller in Devils zone.
Goals for this period are 1 for Devils vs 2 for Canadiens.
Shots for this period are 15 for Devils vs 7 for Canadiens.

Overtime #1


0:01 of 1st overtime period - Leon Draisaitl wins face-off versus Sam Reinhart in neutral zone.
0:31 of 1st overtime period - Icing by Dougie Hamilton.
0:32 of 1st overtime period - Leon Draisaitl wins face-off versus Sam Reinhart in Devils zone.
1:01 of 1st overtime period - Shot by Filip Forsberg.
1:01 of 1st overtime period - Stopped by Filip Gustavsson with a rebound.
1:43 of 1st overtime period - Shot by Evgeni Malkin.
1:43 of 1st overtime period - Goal by Evgeni Malkin - Devils : 3 - Canadiens : 2.
Goals for this period are 1 for Devils vs 0 for Canadiens.
Shots for this period are 1 for Devils vs 1 for Canadiens.